 Dungeon Crawl Stone Soup version bcrawl-1.15 (webtiles) character file.

Game seed: 4846685038706873202

93 Fv001 the Cudgeler (level 4, -1/28 HPs)
             Began as a Skeleton Reaver on Sept 22, 2019.
             Was a Follower of Vehumet.
             Slain by Beaer's ghost (2 damage)
             ... on level 3 of the Dungeon.
             The game lasted 00:09:55 (2176 turns).

Fv001 the Cudgeler (Skeleton Reaver)                Turns: 2176, Time: 00:09:56

Health: -1/28      AC:  8    Str: 18      XL:     4   Next: 37%
Magic:  0/9        EV: 12    Int: 12      God:    Vehumet [*.....]
Gold:   106        SH:  0    Dex:  7 (8)  Spells: 9/10 levels left

rFire    . . .     SeeInvis .   a - +0 flail
rCold    + . .     Gourm    .   (no shield)
rNeg     + + +     Faith    .   d - +0 steam dragon scales
rPois    ∞         Spirit   +   (no helmet)
rElec    .         Reflect  .   (no cloak)
rCorr    .         Harm     .   (no gloves)
MR       .....                  (no boots)
Stlth    +.........             (no amulet)
HPRegen  0.09/turn              f - +3 ring of protection
MPRegen  0.11/turn              (no ring)

@: no status effects
A: no food or potions, cold resistance 1, deterioration 1, negative energy
resistance 3, torment resistance, unbreathing, magic shield, sturdy frame 1,
spell healing
a: Renounce Religion


You were on level 3 of the Dungeon.
You worshipped Vehumet.
Vehumet was aware of your devotion.
You were not hungry.

You visited 1 branch of the dungeon, and saw 3 of its levels.

You collected 106 gold pieces.

Inventory:

Hand Weapons
 a - a +0 flail (weapon)
 b - a +0 dagger
Armour
 d - +0 steam dragon scales (worn)
Jewellery
 f - a +3 ring of protection (left hand)
Scrolls
 c - a scroll of immolation
 e - a scroll of magic mapping


   Skills:
 + Level 3.3 Fighting
 + Level 1.7 Short Blades
 + Level 4.1 Maces & Flails
 + Level 3.4 Dodging
 + Level 1.4 Stealth
 + Level 3.6 Spellcasting
 + Level 1.0 Conjurations
 + Level 0.5 Fire Magic


You had 9 spell levels left.
You knew the following spells:

 Your Spells              Type           Power        Failure   Level  Hunger
a - Flame Tongue          Conj/Fire      #....        17%         1    N/A

Your spell library contained the following spells:

 Spells                   Type           Power        Failure   Level  Hunger
 Iskenderun's Battlesphe  Conj/Chrm      #.......     99%         5    N/A

Dungeon Overview and Level Annotations

Branches:
Dungeon (3/12)

Altars:
Makhleb
Sif Muna
Zin

Annotations:
D:3 Beaer's ghost, amateur VSFi


Innate Abilities, Weirdness & Mutations

You do not eat or drink.
You are immune to poison.
Your flesh is cold resistant. (rC+)
Your body sometimes deteriorates upon taking damage.
You are immune to negative energy. (rN+++)
You are immune to unholy pain and torment.
You can survive without breathing.
When hurt, damage is shared between your health and your magic reserves.
Your movements are slightly less encumbered by armour. (ER -2)
Casting spells heals you.


Message History

Beaer's ghost is moderately damaged.
Beaer's ghost hits you.
You closely miss Beaer's ghost.
Beaer's ghost is moderately damaged.
Beaer's ghost hits you but does no damage.
You hit Beaer's ghost but do no damage.
Beaer's ghost is lightly damaged.
Beaer's ghost hits you.
You hit Beaer's ghost but do no damage.
Beaer's ghost is lightly damaged.
Beaer's ghost hits you! Beaer's ghost hits you.
* * * LOW HITPOINT WARNING * * *
You barely miss Beaer's ghost.
Beaer's ghost is lightly damaged.
Beaer's ghost hits you!
* * * LOW HITPOINT WARNING * * *
You hit Beaer's ghost but do no damage.
Beaer's ghost is lightly damaged.
Beaer's ghost hits you.
You die...

#.......##2#_..._#A#
.
#.......####.....###
#.......###.##'###
#.........###...#
#....[†.....#...#.##
########....(......#
#...#........# ##
#.#...#######..
#....#.#@##.≈# #
#....#.#W#≈.#§#
#........#≈⌠.≈##
#........'...[.#
#........'.#..##
#........#..§≈§#
#........#.≈.###
#.......##≈##.#
######### ## ##


You could see Beaer's ghost.

Vanquished Creatures
  Terence (D:2)
  A hound skeleton (D:2)
  An adder (D:2)
  3 leopard geckos
  2 giant cockroaches (D:2)
  3 goblins
  6 hobgoblins
  4 jackals (D:1)
  A quokka (D:3)
  3 bats
  8 frilled lizards
  5 kobolds
  7 rats
45 creatures vanquished.

Notes
Turn   | Place    | Note
-------+----------+-------------------------------------------
     0 | D:1      | Fv001 the Skeleton Reaver began the quest for the Orb.
     0 | D:1      | Reached XP level 1. HP: 14/14 MP: 4/4
   265 | D:1      | Reached XP level 2. HP: 11/19 MP: 3/6
   833 | D:1      | Reached skill level 1 in Stealth
   855 | D:1      | Reached * piety under Vehumet
   855 | D:1      | Offered knowledge of Flame Tongue by Vehumet.
   870 | D:1      | Learned a level 1 spell: Flame Tongue
   916 | D:1      | Reached skill level 1 in Short Blades
  1192 | D:2      | Reached XP level 3. HP: 21/23 MP: 7/7
  1480 | D:2      | Reached skill level 4 in Maces & Flails
  1502 | D:2      | Noticed Terence
  1532 | D:2      | Killed Terence
  1532 | D:2      | Reached skill level 1 in Conjurations
  1532 | D:2      | Reached XP level 4. HP: 24/28 MP: 7/9
  2060 | D:2      | Found a shimmering blue altar of Sif Muna.
  2124 | D:3      | Found a burning altar of Makhleb.
  2127 | D:3      | Noticed a blizzard demon
  2130 | D:3      | Found a glowing silver altar of Zin.
  2130 | D:3      | Noticed an angel
  2146 | D:3      | Found a large runed translucent door.
  2146 | D:3      | Found a large runed translucent door.
  2157 | D:3      | Noticed Beaer's ghost (amateur VSFi)
  2175 | D:3      | HP: 1/28 [Beaer's ghost (5)]
  2176 | D:3      | Slain by Beaer's ghost

Skill      XL: |  1  2  3 |
---------------+----------+-----
Stealth        | 1 |  1.4
Short Blades   | 1 |  1.7
Maces & Flails | 4 |  4.1
Conjurations   | 1 |  1.0
Fighting       | |  3.3
Dodging        | |  3.4
Spellcasting   | |  3.6
Fire Magic     | |  0.5

Action                   |  1- 3 |  4- 6 || total
-------------------------+-------+-------++-------
Melee: Dagger            |   180 |       ||   180
       Flail             |    18 |    22 ||    40
 Cast: Flame Tongue      |     7 |     7 ||    14
  Use: Scroll            |     4 |     1 ||     5
Armor: Steam dragon scal |    63 |     4 ||    67
Dodge: Dodged            |   129 |     7 ||   136
